 Dungeon Crawl Stone Soup version 0.30-a0-879-ga8ba668304 (webtiles) character file.

Game seed: 6276269132973013327

682 cforsyth the Trooper (level 7, -8/59 HPs)
             Began as a Barachi Fighter on Mar 12, 2023.
             Mangled by an iguana (10 damage)
             ... on level 5 of the Dungeon.
             The game lasted 00:03:49 (4553 turns).

cforsyth the Trooper (Barachi Fighter)              Turns: 4553, Time: 00:03:50

Health: -8/59      AC: 15    Str: 20    XL:     7   Next: 61%
Magic:  7/7        EV:  6    Int:  8    God:
Gold:   258        SH:  4    Dex: 11    Spells: 6/6 levels left

rFire   . . .      SeeInvis .    a - +0 war axe
rCold   . . .      Faith    .    c - +0 buckler
rNeg    . . .      Spirit   .    s - +0 plate armour
rPois   .          Reflect  .    r - +0 helmet
rElec   .          Rampage  .    y - +0 cloak
rCorr   .                        (no gloves)
Will    .....                    (no boots) Stlth
                                 (no amulet)
HPRegen 0.29/turn                (no ring)
MPRegen 0.10/turn                (no ring)

@: slow
A: amphibious, slowness 1, strong legs 1, +LOS
a: Hop


You were on level 5 of the Dungeon.
You visited 1 branch of the dungeon, and saw 5 of its levels.

You collected 258 gold pieces.

Inventory:

Hand Weapons
 a - a +0 war axe (weapon)
Armour
 b - a +0 scale mail
 c - a +0 buckler (worn)
 o - the +3 leather armour of the Kangaroo {Int+4 Dex+3}
   (You found it on level 2 of the Dungeon)

   Int:       It affects your intelligence (+4).
   Dex:       It affects your dexterity (+3).
 r - a +0 helmet (worn)
 s - a +0 plate armour (worn)
 y - a +0 cloak (worn)
Jewellery
 e - a ring of see invisible
 x - an amulet of faith
 A - a ring of willpower
 C - an amulet of magic regeneration
Wands
 v - a wand of charming (6)
Scrolls
 f - 2 scrolls of blinking {unknown}
 i - a scroll of amnesia {unknown}
 j - a scroll of enchant armour {unknown}
 k - 4 scrolls of identify {unknown}
 p - a scroll of summoning {unknown}
 t - 2 scrolls of enchant weapon {unknown}
 u - a scroll of torment {unknown}
 B - a scroll of brand weapon {unknown}
Potions
 d - a potion of might
 g - a potion of lignification {unknown}
 h - a potion of magic {unknown}
 l - a potion of heal wounds {unknown}
 m - a potion of ambrosia {unknown}
 n - 2 potions of brilliance {unknown}
 q - 3 potions of haste {unknown}
 w - 2 potions of curing
 z - 2 potions of mutation {unknown}
 D - 2 potions of berserk rage {unknown}


   Skills:
 + Level 6.5 Fighting
 + Level 5.3 Axes
 + Level 6.5 Armour
 - Level 4.0 Shields


You had 6 spell levels left.
You didn't know any spells.
Your spell library was empty.

Dungeon Overview and Level Annotations

Branches:
Dungeon (5/15)
 Temple: D:4-7

Altars:
Dithmenos
Wu Jian

Annotations:
D:2 1 runed translucent door, Crazy Yiuf


Innate Abilities, Weirdness & Mutations

You are amphibious.
You cover ground slowly.
You can hop short distances.
You have an extended range of vision and can be seen from far away.


Message History

The howler monkey is almost dead.
A hound comes into view.
The howler monkey hits you but does no damage.
The hound barks!
You hit the howler monkey.
You kill the howler monkey!
You barely miss the orc. You block the orc's attack.
You slash the orc!
You kill the orc!
You barely miss the iguana. The iguana bites you.
* * * LOW HITPOINT WARNING * * *
An iguana comes into view.
The iguana bites you but does no damage.
You closely miss the iguana.
The iguana hisses angrily.
The iguana barely misses you.
You barely miss the iguana. You slash the hound!
The hound bites you but does no damage. The hound bites you.
* * * LOW HITPOINT WARNING * * *
The iguana barely misses you.
You hit the iguana.
The iguana is lightly wounded.
You barely miss the hound. The hound bites you but does no damage.
The iguana bites you but does no damage.
The hound barely misses you.
You barely miss the iguana.
The iguana is lightly wounded.
You miss the hound. You block the hound's attack. The iguana bites you!
* * * LOW HITPOINT WARNING * * *
The hound barely misses you.
An adder comes into view.
The iguana bites you but does no damage.
You barely miss the iguana.
The iguana is lightly wounded.
The adder hisses angrily.
You slash the hound! You block the hound's attack. The hound bites you.
* * * LOW HITPOINT WARNING * * *
You block the iguana's attack. The iguana attacks as you move away!
The iguana bites you!
You die...

####. ....# ....
.####...##
..?.(....#
..S.......
#......###
#....lh..#
#....l@#.#
#?.....#.#
###.#.)#.#
#####.#..#.####..
.................
..#####..#.######
##..........#
....######..#
#... #..#


You could see 2 iguanas, a hound and an adder.

Vanquished Creatures
  Menkaure (D:4)
  A kobold brigand (D:4)
  A scorpion (D:4)
  4 howler monkeys
  A hound (D:4)
  An orc priest (D:5)
  Natasha (thrice) (D:2)
  An orc wizard (D:4)
  4 adders
  A white imp (D:5)
  2 worms
  A dart slug (D:1)
  9 orcs
  2 bats (D:1)
  8 endoplasms
  3 giant cockroaches
  6 goblins
  7 hobgoblins
  2 kobolds
  4 quokkas
  9 ball pythons
  3 frilled lizards
  4 rats
78 creatures vanquished.

Vanquished Creatures (others)
  5 plants (D:1)
5 creatures vanquished.

Grand Total: 83 creatures vanquished

Notes
Turn   | Place    | Note
-------+----------+-------------------------------------------
     0 | D:1      | cforsyth the Barachi Fighter began the quest for the Orb.
     0 | D:1      | Reached XP level 1. HP: 18/18 MP: 1/1
   138 | D:1      | Reached XP level 2. HP: 25/25 MP: 2/2
   493 | D:1      | Reached XP level 3. HP: 29/30 MP: 3/3
   704 | D:2      | Identified the +3 leather armour of the Kangaroo {Int+4
                  | Dex+3}
   745 | D:2      | Noticed Natasha
   752 | D:2      | Killed Natasha
   890 | D:2      | Reached XP level 4. HP: 37/37 MP: 4/4
   907 | D:2      | Found a runed translucent door.
   908 | D:2      | Noticed Crazy Yiuf
  1162 | D:2      | Noticed Natasha
  1169 | D:2      | Killed Natasha
  1951 | D:2      | Noticed Natasha
  1957 | D:2      | Killed Natasha
  1958 | D:2      | Reached XP level 5. HP: 37/43 MP: 5/5
  3269 | D:4      | Noticed a kobold brigand
  3278 | D:4      | Reached skill level 5 in Fighting
  3278 | D:4      | Reached skill level 5 in Armour
  3280 | D:4      | Reached XP level 6. HP: 32/51 MP: 6/6
  3756 | D:4      | Found an ornate altar of the Wu Jian Council.
  3908 | D:4      | Found a shadowy altar of Dithmenos.
  4230 | D:4      | Noticed Menkaure
  4244 | D:4      | Killed Menkaure
  4245 | D:4      | Reached XP level 7. HP: 14/58 MP: 7/7
  4446 | D:5      | Entered Level 5 of the Dungeon
  4462 | D:5      | Reached skill level 5 in Axes
  4530 | D:5      | Identified the +1 sling "Ceofomi" {heavy, rCorr Str+5
                  | Int-2}
  4552 | D:5      | HP: 2/59 [hound (3)]
  4553 | D:5      | Mangled by an iguana

Illustrated notes

Levels and vault maps discovered:
D:1:      heliophobic_arrival_ceremonial_halls, layout_loops_ring,
          serial_bayou_pond_c, minmay_misc_feat_x
D:2:      wander_river, layout_basic, uniq_natasha, uniq_crazy_yiuf_cottage
D:3:      layout_basic, item_on_display_a
D:4:      layout_loops_cross, mainiacjoe_overflow_24_doors, old_standard_altar,
          uniq_menkaure
D:5:      layout_loops_ring, elyvilon_altar_3,
          minmay_temple_entry_gardened_gates, serial_shops, shop,
          gammafunk_ghost_grave

Skill      XL: |  1  2  3  4  5  6  7 |
---------------+----------------------+-----
Fighting       | 4 5 6 |  6.5
Armour         | 4 5 6 |  6.5
Axes           | 3 4 5 |  5.3
Shields        | 4 |  4.0

Action                     |  1- 3 |  4- 6 |  7- 9 || total
---------------------------+-------+-------+-------++-------
  Melee: War axe           |    74 |   163 |    32 ||   269
 Armour: Scale mail        |    28 |       |       ||    28
         Leather armour    |     3 |    10 |       ||    13
         Plate armour      |       |    92 |    25 ||   117
  Dodge: Dodged            |    34 |    40 |    15 ||    89
  Block: Buckler           |    19 |    35 |    10 ||    64

Table legend: (Time is in decaauts)
 A = Elapsed time spent in this place.
 B = Non-inter-level travel time spent in this place.
 C = Inter-level travel time spent in this place.
 D = Time resting spent in this place.
 E = Time spent auto-exploring this place.
 F = Levels seen in this place.
 G = Mean time per level.
                   A        B        C        D        E       F      G
               +--------+--------+--------+--------+--------+-----+--------+
         Total |   5356 |   5129 |    227 |    246 |   4181 |   5 | 1071.2 |
       Dungeon |   5356 |   5129 |    227 |    246 |   4181 |   5 | 1071.2 |
               +--------+--------+--------+--------+--------+-----+--------+

Top non-repeatable levels by time:
     D:2: 2333 daAuts
     D:4: 1334 daAuts
     D:3: 783 daAuts
     D:1: 778 daAuts
     D:5: 127 daAuts
